 Dungeon Crawl Stone Soup version 0.31-a0-237-g2d982f9f85 (webtiles) character file.

Game seed: 12095315688615882734

51 qw the Shooter (level 3, -2/21 HPs)
             Began as a Gargoyle Hexslinger on July 10, 2023.
             Slain by an adder (3 damage)
             ... on level 2 of the Dungeon.
             The game lasted 00:00:29 (1024 turns).

qw the Shooter (Gargoyle Hexslinger)                Turns: 1024, Time: 00:00:30

Health: -2/21      AC:  5    Str: 11    XL:     3   Next: 81%
Magic:  4/4        EV: 12    Int: 13    God:
Gold:   84         SH:  0    Dex: 14    Spells: 3/4 levels left

rFire   . . .        Y - +2 sling
rCold   . . .        (no shield)
rNeg    + . .        c - +0 robe
rPois   inf          (no helmet)
rElec   +            (no cloak)
rCorr   .            (no gloves)
SInv    .            (no boots)
Will    .....        k - amulet of the acrobat
Stlth   +            (no ring)
HPRegen 0.23/turn    (no ring)
MPRegen 0.09/turn

%: acrobat
@: no status effects
A: sickness immunity, AC +3, negative energy resistance 1, electricity
resistance, torment resistance 1, petrification resistance
a: no special abilities


You were on level 2 of the Dungeon.
You visited 1 branch of the dungeon, and saw 2 of its levels.

You collected 84 gold pieces.


Innate Abilities, Weirdness & Mutations

You are immune to sickness and miasma.
Your stone body is resilient. (AC +3)
You are immune to poison.
You resist negative energy. (rN+)
You are resistant to electric shocks. (rElec)
You are resistant to unholy torment.
You are immune to petrification.


   Skills:
 - Level 2.0 Fighting
 + Level 3.7 Ranged Weapons
 - Level 1.5 Dodging
 - Level 1.0 Spellcasting
 - Level 2.6 Hexes


You had 3 spell levels left.
You knew the following spells:

 Your Spells              Type           Power      Damage    Failure   Level
a - Slow                  Hex            28%        N/A       10%         1

Your spell library contained the following spells:

 Spells                   Type           Power      Damage    Failure   Level
 Inner Flame              Hex/Fire       4%         N/A       43%         3
 Portal Projectile        Hex/Tloc       8%         N/A       43%         3
 Cause Fear               Hex            3%         N/A       67%         4

Inventory:

Hand Weapons
 Y - a +2 sling (weapon)
Armour
 a - a +0 leather armour
 c - a +0 robe (worn)
 g - a +0 helmet
 i - a +0 ring mail
Jewellery
 k - an amulet of the acrobat (around neck)
Scrolls
 b - a scroll of identify {unknown}
 e - a scroll of fear {unknown}
Potions
 d - a potion of degeneration {unknown}
 f - a potion of curing {unknown}
 h - a potion of haste {unknown}

Dungeon Overview and Level Annotations

Branches:
Dungeon (2/15)

Altars:
Vehumet


Message History

The adder bites you but does no damage.
You shoot a sling bullet.
The sling bullet closely misses the adder.
The quokka misses you. The adder barely misses you. The quokka bites you.
The adder misses you.
You shoot a sling bullet.
The sling bullet hits the adder but does no damage.
The adder is moderately wounded.
The quokka bites you but does no damage.
The adder bites you.
You shoot a sling bullet.
The sling bullet closely misses the adder.
The quokka bites you but does no damage.
The adder bites you. The quokka bites you. The adder closely misses you.
You shoot a sling bullet.
The sling bullet closely misses the adder.
The quokka completely misses you. The adder barely misses you.
You shoot a sling bullet.
The sling bullet barely misses the adder.
The adder bites you but does no damage. The quokka barely misses you.
The adder closely misses you. The quokka closely misses you.
You shoot a sling bullet. The sling bullet hits the adder.
The adder is heavily wounded.
The adder bites you but does no damage. The quokka bites you.
The adder barely misses you.
You shoot a sling bullet.
The sling bullet completely misses the adder.
The quokka barely misses you. The adder barely misses you.
The quokka closely misses you.
You shoot a sling bullet.
The sling bullet barely misses the adder.
The adder barely misses you. The quokka barely misses you. The adder bites you.
You shoot a sling bullet. The sling bullet hits the adder.
The adder is severely wounded.
The quokka bites you but does no damage.
The adder closely misses you. The quokka bites you.
You shoot a sling bullet. The sling bullet hits the adder.
The adder is almost dead.
The adder bites you.
You die...

...# #.#
'#.# ...
#.# .#.#
..## #.#
.#.# #+
#... #.#
##.#
#..#...
#.# ...#
#.....
#.# ##.#
#.... #.#
#.#
#...S##.#
#...r@..#
#?....###
##...>#
####.#
#.# #.#
#.# ..#


You could see an adder and a quokka.

Vanquished Creatures
  2 adders (D:2)
  4 endoplasms
  A giant cockroach (D:2)
  4 goblins
  3 hobgoblins (D:1)
  3 quokkas
  3 ball pythons
  2 bats (D:2)
  2 frilled lizards (D:1)
  3 kobolds
  4 rats (D:1)
31 creatures vanquished.

Notes
Turn   | Place    | Note
-------+----------+-------------------------------------------
     0 | D:1      | qw the Gargoyle Hexslinger began the quest for the Orb.
     0 | D:1      | Reached XP level 1. HP: 12/12 MP: 2/2
     0 | D:1      | 0 ||| qw: Version: 0.3-a-52-g30416fa
     0 | D:1      | 0 ||| qw: Game counter: 5054
     0 | D:1      | 0 ||| qw: Melee chars always use a shield: true
     0 | D:1      | 0 ||| qw: God list: Okawaru
     0 | D:1      | 0 ||| qw: Allow faded altars: false
     0 | D:1      | 0 ||| qw: Do Orc after clearing Dungeon:15 true
     0 | D:1      | 0 ||| qw: Do second Lair branch before Depths: true
     0 | D:1      | 0 ||| qw: Lair rune preference: random
     0 | D:1      | 0 ||| qw: Goals: Normal
     0 | D:1      | 0 ||| PLANNING D:1-11
    69 | D:1      | Reached XP level 2. HP: 15/16 MP: 3/3
   137 | D:1      | Reached skill level 3 in Ranged Weapons
   343 | D:1      | Found a faded altar of an unknown god.
   394 | D:1      | 394 ||| UPGRADING to amulet of the acrobat.
   399 | D:1      | 399 ||| DROPPING ring of wizardry.
   400 | D:1      | 400 ||| READING 3 scrolls labelled YWAAFE JITU.
   401 | D:1      | 401 ||| READING scroll labelled IPIWNY CE HIQ.
   404 | D:1      | 404 ||| READING scroll labelled COOMIUNGAICS.
   405 | D:1      | 405 ||| READING scroll labelled HIEPPE XAMEUSUKE.
   406 | D:1      | 406 ||| DROPPING 2 scrolls of noise.
   407 | D:1      | 407 ||| DROPPING scroll of poison.
   497 | D:2      | Reached XP level 3. HP: 21/21 MP: 4/4
   587 | D:2      | Found a radiant altar of Vehumet.
   756 | D:2      | HP: 5/21 [adder (3)]
   757 | D:2      | 757 ||| READING scroll of teleportation.
  1022 | D:2      | HP: 4/21 [adder (4)]
  1023 | D:2      | HP: 1/21 [quokka (3)]
  1024 | D:2      | Slain by an adder

Levels and vault maps discovered:
D:1:      zelgadis_glass_arrival_small, layout_basic,
          shapermc_ecumenical_altar_flowoftime
D:2:      minmay_door_path, layout_basic, basic_altar, minivault_27,
          minmay_misc_feat_secret_circle, minmay_misc_feat_tiny

Skill      XL: |  1  2 |
---------------+-------+-----
Ranged Weapons | 3 |  3.7
Fighting       | 2 |  2.0
Dodging        | |  1.5
Spellcasting   | |  1.0
Hexes          | |  2.6

Action                     || total
---------------------------++-------
   Fire: Sling             ||   108
    Use: Scroll            ||     5
 Armour: Robe              ||    25
  Dodge: Dodged            ||    59

Table legend:
 A = Non-vault XP
 B = Vault XP
 C = Vault XP percentage of total XP
 D = Non-vault monster count
 E = Vault monster count
 F = Vault count percentage of total count
                 A         B        C        D         E       F
            +---------+---------+-------+---------+---------+-------
      Total |      73 |       0 |   0.0 |      31 |       0 |   0.0
            +---------+---------+-------+---------+---------+-------
        D:1 |      30 |       0 |   0.0 |      19 |       0 |   0.0
        D:2 |      43 |       0 |   0.0 |      12 |       0 |   0.0
            +---------+---------+-------+---------+---------+-------
